 Dungeon Crawl Stone Soup version 0.29.1-1-gd02db6906a (webtiles) character file.

Game seed: 10909914413523152809

96 mtoz the Digger (level 4, -1/24 HPs)
             Began as a Gargoyle Earth Elementalist on Sept 29, 2022.
             Slain by Grinder (3 damage)
             ... on level 3 of the Dungeon on Oct 1, 2022.
             The game lasted 00:21:05 (3361 turns).

mtoz the Digger (Gargoyle Earth Elementalist)       Turns: 3361, Time: 00:21:05

Health: -1/24      AC: 13    Str: 11    XL:     4   Next: 67%
Magic:  2/7        EV: 10    Int: 18    God:
Gold:   137        SH:  0    Dex: 10    Spells: 2/8 levels left

rFire   . . .      SeeInvis .   (no weapon)
rCold   + . .      Faith    +   (no shield)
rNeg    + . .      Spirit   .   l - +2 ring mail {rC+}
rPois   ∞          Reflect  .   g - +2 helmet
rElec   +          Harm     .   (no cloak)
rCorr   .          Rampage  .   (no gloves)
Will    .....                   (no boots)
Stlth   +.........              f - amulet of faith
HPRegen 0.08/turn               (no ring)
MPRegen 0.10/turn               (no ring)

@: very slightly contaminated
A: sickness immunity, AC +3, negative energy resistance 1, electricity
resistance, torment resistance 1, petrification resistance
a: no special abilities


You were on level 3 of the Dungeon.
You visited 1 branch of the dungeon, and saw 3 of its levels.

You collected 137 gold pieces.

Inventory:

Armour
 a - a +0 robe
 g - a +2 helmet (worn)
 l - a +2 ring mail of cold resistance (worn)
 m - a +4 scale mail
Jewellery
 f - an amulet of faith (around neck)
Scrolls
 h - a scroll of teleportation
 i - a scroll of noise
 n - a scroll of butterflies {unknown}
 p - a scroll of enchant weapon {unknown}
 q - a scroll of enchant armour {unknown}
Potions
 b - a potion of magic
 c - a potion of brilliance
 d - a potion of degeneration
 k - a potion of invisibility


   Skills:
 + Level 2.0 Dodging
 + Level 3.1 Stealth
 + Level 2.5 Spellcasting
 + Level 1.6 Conjurations
 + Level 1.4 Transmutations
 + Level 4.2 Earth Magic


You had 2 spell levels left.
You knew the following spells:

 Your Spells              Type           Power      Damage    Failure   Level
a - Sandblast             Erth           34%        2d9       8%          1
b - Passwall              Tmut/Erth      10%        N/A       21%         2
c - Stone Arrow           Conj/Erth      24%        3d8       36%         3

Your spell library contained the following spells:

 Spells                   Type           Power      Damage    Failure   Level
 Apportation              Tloc           4%         N/A       38%         1
 Petrify                  Tmut/Erth      12%        N/A       78%         4
 Alistair's Intoxication  Tmut/Pois      2%         N/A       100%        5


Dungeon Overview and Level Annotations

Branches:
Dungeon (3/15)

Altars:

Annotations:
D:2 inwall
D:3 Grinder


Innate Abilities, Weirdness & Mutations

You are immune to sickness and miasma.
Your stone body is resilient. (AC +3)
You are immune to poison.
You resist negative energy. (rN+)
You are resistant to electric shocks. (rElec)
You are resistant to unholy torment.
You are immune to petrification.


Message History

The goblin closely misses you.
The gnoll moves out of view.
Aiming: Sandblast (safe; 8% risk of failure)
Press: ? - help, Q - select action, (/) - cycle Shift-Dir - straight line, f/p - Grinder
Aim: Grinder (heavily wounded, 80% to hit)
The blast of sand hits Grinder but does no damage.
Grinder is heavily wounded.
The hobgoblin barely misses you. Grinder hits you but does no damage.
The goblin hits you but does no damage.
Aiming: Sandblast (safe; 8% risk of failure)
Press: ? - help, Q - select action, (/) - cycle Shift-Dir - straight line, f/p - Grinder
Aim: Grinder (heavily wounded, 80% to hit)
You miscast Sandblast.
You are very lightly contaminated with residual magic.
Nothing appears to happen.
Grinder barely misses you. The hobgoblin barely misses you.
A gnoll comes into view. It is wielding a +0 flail.
The goblin barely misses you.
Aiming: Sandblast (safe; 8% risk of failure)
Press: ? - help, Q - select action, (/) - cycle Shift-Dir - straight line, f/p - Grinder
Aim: Grinder (heavily wounded, 80% to hit)
The blast of sand hits Grinder.
Grinder is severely wounded.
The gnoll shouts!
The hobgoblin hits you. The gnoll hits you but does no damage.
Grinder hits you! The goblin hits you but does no damage.
The gnoll hits you but does no damage. The hobgoblin hits you.
* * * LOW HITPOINT WARNING * * *
The gnoll hits you but does no damage. Grinder hits you but does no damage.
The goblin barely misses you.
Aiming: Sandblast (safe; 8% risk of failure)
Press: ? - help, Q - select action, (/) - cycle Shift-Dir - straight line, f/p - Grinder
Aim: Grinder (severely wounded, 80% to hit)
The blast of sand misses Grinder.
The hobgoblin completely misses you. The gnoll hits you with a +0 club.
* * * LOW HITPOINT WARNING * * *
The gnoll barely misses you. Grinder completely misses you.
The goblin hits you but does no damage.
Okay, then.
Grinder hits you.
You die...

###.[.# #.#†#
#..<##
#######...#
........).#
#######)###
#..## ##.)#####
##gg@..#
#..g5g..#
...r.g......#
.............#
..............#
..###.........#
. #.......:.#
#.........#


You could see Grinder, 3 gnolls, a hobgoblin, a goblin and a rat.

Vanquished Creatures
  Robin (D:2)
  3 adders (D:2)
  A worm (D:2)
  2 dart slugs
  2 orcs (D:3)
  3 endoplasms (D:2)
  3 giant cockroaches
  9 goblins
  6 hobgoblins
  5 kobolds
  A quokka (D:1)
  3 ball pythons
  2 bats
  5 frilled lizards
  4 rats
50 creatures vanquished.

Notes
Turn   | Place    | Note
-------+----------+-------------------------------------------
     0 | D:1      | mtoz the Gargoyle Earth Elementalist began the quest for
                  | the Orb.
     0 | D:1      | Reached XP level 1. HP: 10/10 MP: 3/3
   760 | D:1      | Reached skill level 1 in Transmutations
   760 | D:1      | Reached XP level 2. HP: 15/15 MP: 1/5
   824 | D:1      | Found a faded altar of an unknown god.
  1549 | D:2      | Reached skill level 1 in Conjurations
  1549 | D:2      | Reached XP level 3. HP: 19/19 MP: 1/6
  1668 | D:2      | Reached skill level 4 in Earth Magic
  1950 | D:2      | Reached XP level 4. HP: 24/24 MP: 4/7
  2484 | D:2      | Learned a level 2 spell: Passwall
  2488 | D:2      | Learned a level 3 spell: Stone Arrow
  3013 | D:3      | Noticed Robin
  3015 | D:3      | Noticed Grinder
  3219 | D:2      | Killed Robin
  3323 | D:3      | Paralysed by Grinder for 2 turns
  3361 | D:3      | Slain by Grinder

Illustrated notes

Levels and vault maps discovered:
D:1:      sevenhm_arrival_forest_fort_small_5, layout_loops_corners,
          hellmonk_ecumenical_altar_defaced_shrine, minmay_tripent
D:2:      layout_basic, lightli_corner_chamber
D:3:      layout_rooms, palyth_stone_intersect, uniq_grinder, uniq_natasha,
          uniq_robin

Skill      XL: |  1  2  3  4 |
---------------+-------------+-----
Transmutations | 1 |  1.4
Conjurations   | 1 |  1.6
Earth Magic    | 4 |  4.2
Dodging        | 2 |  2.0
Stealth        | 3 |  3.1
Spellcasting   | |  2.5

Action                   |  1- 3 |  4- 6 || total
-------------------------+-------+-------++-------
Melee: Unarmed           |     2 |       ||     2
 Cast: Sandblast         |    50 |    45 ||    95
       Passwall          |       |     5 ||     5
  Use: Scroll            |       |     4 ||     4
       Potion            |       |     2 ||     2
Armor: Robe              |    24 |       ||    24
       Ring mail         |       |    34 ||    34
Dodge: Dodged            |    29 |    33 ||    62
